General information
- name: BNet
- type: Ladder team game (AT/RT)
- host: Battle.net
- saver: big.dummy
map: Mur'gulOasis
- players: 8
- length: 08:35
- speed: Fast
- version: 1.26 W3XP
- replay type: Public
» download(51 KB)
Players
team 1 (loser)

»
M4L-PuFF (
yellow | 47 APM | 397 actions | 08:30)
3 Demon Hunter
2 Mana Burn
1 Evasion
» actions
| Assign group hotkey | 7 | |
| Basic commands | 18 | |
| Build / train | 28 | |
| Enter build submenu | 11 | |
| Enter hero's abilities submenu | 3 | |
| Right click | 131 | |
| Select / deselect | 105 | |
| Select group hotkey | 67 | |
| Use ability | 27 | |
397 total
» units
» upgrades
» buildings
| Altar of Elders | 1 | |
| Moon Well | 3 | |
| Ancient of War | 1 | |
| Tree of Ages | 1 | |
| Hunter's Hall | 1 | |
| Ancient of Wonders | 2 | |
| Tree of Eternity | 1 | |
| Ancient of Wind | 1 | |
| Chimaera Roost | 2 | |
13 total
» build order
00:03 Altar of Elders
00:04 Moon Well
00:56 Ancient of War
01:41 Moon Well
02:38 Moon Well
03:00 Tree of Ages
03:35 Hunter's Hall
04:31 Ancient of Wonders
04:34 Ancient of Wonders
05:37 Tree of Eternity
05:42 Ancient of Wind
08:06 Chimaera Roost
08:07 Chimaera Roost
» items
| Periapt of Vitality | 1 | |
| Potion of Healing | 1 | |
| Scroll of Speed | 1 | |
3 total
Ratfink (
blue | 41 APM | 346 actions | 08:22)
2 Blademaster
1 Wind Walk
1 Critical Strike
» actions
| Assign group hotkey | 2 | |
| Build / train | 24 | |
| ESC pressed | 3 | |
| Enter build submenu | 16 | |
| Enter hero's abilities submenu | 2 | |
| Right click | 148 | |
| Select / deselect | 81 | |
| Select group hotkey | 37 | |
| Use ability | 33 | |
346 total
» units
» upgrades
» buildings
| Altar of Storms | 1 | |
| Orc Burrow | 2 | |
| War Mill | 1 | |
| Voodoo Lounge | 1 | |
| Watch Tower | 4 | |
| Stronghold | 1 | |
| Beastiary | 4 | |
14 total
» build order
00:07 Altar of Storms
00:29 Orc Burrow
01:06 War Mill
01:17 Voodoo Lounge
02:30 Watch Tower
03:33 Stronghold
03:35 Watch Tower
04:17 Watch Tower
06:00 Beastiary
06:03 Beastiary
06:04 Beastiary
06:12 Orc Burrow
07:21 Beastiary
07:32 Watch Tower
» items
| Healing Salve | 2 | |
| Lesser Clarity Potion | 2 | |
| Scroll of Speed | 1 | |
5 total
Javasar (
red | 35 APM | 292 actions | 08:26)
2 Goblin Tinker
1 Cluster Rockets
1 Engineering Upgrade
» actions
| Build / train | 26 | |
| Enter build submenu | 11 | |
| Enter hero's abilities submenu | 2 | |
| Remove unit from queue | 2 | |
| Right click | 127 | |
| Select / deselect | 96 | |
| Use ability | 28 | |
292 total
» units
» upgrades
» buildings
| Altar of Kings | 1 | |
| Farm | 6 | |
| Barracks | 1 | |
| Lumber Mill | 1 | |
| Keep | 1 | |
| Gryphon Aviary | 2 | |
12 total
» build order
00:06 Altar of Kings
00:08 Farm
00:44 Barracks
01:10 Farm
01:52 Lumber Mill
04:18 Keep
04:23 Farm
04:26 Farm
07:08 Farm
07:25 Gryphon Aviary
07:29 Gryphon Aviary
07:46 Farm

»
MrStealYaGirl (
purple | 33 APM | 284 actions | 08:34)
2 Tauren Chieftain
1 War Stomp
1 Endurance Aura
» actions
| Build / train | 28 | |
| Enter build submenu | 9 | |
| Enter hero's abilities submenu | 4 | |
| Right click | 99 | |
| Select / deselect | 114 | |
| Use ability | 30 | |
284 total
» units
» buildings
| Altar of Storms | 1 | |
| Orc Burrow | 3 | |
| Barracks | 1 | |
| War Mill | 1 | |
| Voodoo Lounge | 1 | |
| Stronghold | 1 | |
| Watch Tower | 1 | |
9 total
» build order
00:05 Altar of Storms
00:09 Orc Burrow
01:08 Barracks
01:22 Orc Burrow
03:42 War Mill
04:03 Orc Burrow
05:08 Voodoo Lounge
05:32 Stronghold
05:39 Watch Tower
» items
team 2 (winner)
big.dummy (
orange | 90 APM | 777 actions | 08:35)
4 Death Knight
2 Death Coil
1 Unholy Aura
1 Death Pact
» actions
| Assign group hotkey | 29 | |
| Build / train | 32 | |
| Enter build submenu | 9 | |
| Enter hero's abilities submenu | 4 | |
| Give item / drop item | 1 | |
| Remove unit from queue | 1 | |
| Right click | 321 | |
| Select / deselect | 91 | |
| Select group hotkey | 237 | |
| Use ability | 52 | |
777 total
» units
| Acolyte | 2 | |
| Ghoul | 3 | |
| Crypt Fiend | 7 | |
12 total
» upgrades
| Creature Attack | 1 | |
| Creature Carapace | 1 | |
| Web | 1 | |
| Burrow | 1 | |
| Backpack | 0 | |
4 total
» buildings
| Graveyard | 1 | |
| Crypt | 1 | |
| Altar of Darkness | 1 | |
| Ziggurat | 4 | |
| Tomb of Relics | 1 | |
| Nerubian Tower | 1 | |
| Halls of the Dead | 2 | |
| Sacrificial Pit | 1 | |
| Black Citadel | 3 | |
15 total
» build order
00:09 Graveyard
00:11 Crypt
00:43 Altar of Darkness
01:00 Ziggurat
01:36 Tomb of Relics
02:03 Ziggurat
02:34 Nerubian Tower
03:52 Ziggurat
04:44 Halls of the Dead
04:44 Halls of the Dead
05:26 Ziggurat
08:11 Sacrificial Pit
08:21 Black Citadel
08:22 Black Citadel
» items

»
kylor (
teal | 44 APM | 374 actions | 08:34)
3 Blademaster
1 Wind Walk
2 Critical Strike
» actions
| Build / train | 25 | |
| Enter build submenu | 12 | |
| Enter hero's abilities submenu | 3 | |
| Right click | 247 | |
| Select / deselect | 65 | |
| Use ability | 22 | |
374 total
» units
» upgrades
» buildings
| Orc Burrow | 4 | |
| Altar of Storms | 1 | |
| War Mill | 1 | |
| Voodoo Lounge | 1 | |
| Watch Tower | 3 | |
| Stronghold | 1 | |
| Beastiary | 2 | |
13 total
» build order
00:08 Orc Burrow
00:11 Altar of Storms
00:52 War Mill
01:11 Voodoo Lounge
02:11 Watch Tower
03:06 Watch Tower
03:08 Stronghold
03:56 Orc Burrow
04:03 Watch Tower
04:42 Orc Burrow
05:32 Beastiary
05:34 Beastiary
06:46 Orc Burrow
» items
| Healing Salve | 2 | |
| Lesser Clarity Potion | 2 | |
| Boots of Speed | 1 | |
5 total
nilbert19 (
green | 25 APM | 215 actions | 08:34)
3 Dreadlord
2 Sleep
1 Vampiric Aura
» actions
| Assign group hotkey | 3 | |
| Basic commands | 2 | |
| Build / train | 26 | |
| Enter build submenu | 9 | |
| Enter hero's abilities submenu | 3 | |
| Right click | 69 | |
| Select / deselect | 82 | |
| Select group hotkey | 5 | |
| Use ability | 16 | |
215 total
» units
» upgrades
| Unholy Strength | 2 | |
| Unholy Armor | 1 | |
3 total
» buildings
| Crypt | 1 | |
| Ziggurat | 3 | |
| Altar of Darkness | 1 | |
| Halls of the Dead | 1 | |
| Graveyard | 1 | |
| Tomb of Relics | 1 | |
| Black Citadel | 1 | |
| Slaughterhouse | 2 | |
11 total
» build order
00:19 Crypt
00:22 Ziggurat
00:36 Altar of Darkness
01:12 Ziggurat
03:04 Halls of the Dead
03:40 Ziggurat
03:46 Graveyard
03:51 Tomb of Relics
05:40 Black Citadel
08:05 Slaughterhouse
08:07 Slaughterhouse
» items

»
TeamNorthman (
pink | 43 APM | 373 actions | 08:34)
2 Archmage
1 Blizzard
1 Brilliance Aura
» actions
| Build / train | 33 | |
| Enter build submenu | 11 | |
| Enter hero's abilities submenu | 2 | |
| Right click | 182 | |
| Select / deselect | 124 | |
| Use ability | 21 | |
373 total
» units
» upgrades
» buildings
| Altar of Kings | 1 | |
| Farm | 5 | |
| Lumber Mill | 1 | |
| Barracks | 2 | |
| Blacksmith | 1 | |
| Arcane Vault | 1 | |
| Keep | 1 | |
12 total
» build order
00:09 Altar of Kings
00:13 Farm
01:14 Lumber Mill
01:39 Barracks
02:30 Barracks
02:34 Farm
02:39 Farm
03:17 Farm
03:35 Blacksmith
04:01 Farm
04:50 Arcane Vault
08:01 Keep
» items
| Scroll of Regeneration | 2 | |
| Lesser Clarity Potion | 2 | |
4 total
Chat log
(00:07 / Allies) nilbert19: Rush
(00:41 / Allies) nilbert19: ?
(00:59 / Allies) nilbert19: yes
(01:00 / Allies) nilbert19: no
(01:02 / Allies) nilbert19: ?
(01:03 / Allies) TeamNorthman: what
(01:06 / Allies) nilbert19: rush
(01:07 / Allies) TeamNorthman: yes
(03:16 / All) Javasar: teal gtfo
(04:19 / Allies) nilbert19: rdy?
(04:54 / Allies) TeamNorthman: rdy?
(04:56 / Allies) TeamNorthman: meet
(04:58 / Allies) nilbert19: yup
(06:15 / Allies) kylor: red tped
(07:08 / Allies) nilbert19: get the tower pink